 Dungeon Crawl Stone Soup version 0.27-a0-906-g0a00ce863d (webtiles) character file.

Game seed: 9952677063202822684

4 spiderkeys the Sneak (level 1, -1/14 HPs)
             Began as an Octopode Brigand on Apr 7, 2021.
             Slain by a jackal (3 damage)
             ... on level 2 of the Dungeon.
             The game lasted 00:00:15 (29 turns).

spiderkeys the Sneak (Octopode Brigand)               Turns: 29, Time: 00:00:16

Health: -1/14      AC:  1    Str: 10    XL:     1   Next: 60%
Magic:  1/1        EV: 12    Int: 13    God:
Gold:   0          SH:  0    Dex: 13    Spells: 0/0 levels left

rFire    . . .     SeeInvis .   a - +2 dagger
rCold    . . .     Faith    .   (no shield)
rNeg     . . .     Spirit   .   (helmet restricted)
rPois    .         Reflect  .   (no amulet)
rElec    .         Harm     .   (no ring)
rCorr    .         Rampage  .   (no ring)
Will     .....                  (no ring)
Stlth    ++++......             (no ring)
HPRegen  0.04/turn              (no ring)
MPRegen  0.07/turn              (no ring)
                                (no ring)
                                (no ring)

@: no status effects
A: almost no armour, amphibious, 8 rings, camouflage 1, gelatinous body 1,
(nimble swimmer 1), tentacles
a: no special abilities


You were on level 2 of the Dungeon.
You visited 1 branch of the dungeon, and saw 2 of its levels.

Inventory:

Hand Weapons
 a - a +2 dagger (weapon)
Missiles
 b - 8 poisoned darts (quivered)
 c - 2 curare-tipped darts


   Skills:
 + Level 2.0 Fighting
 + Level 2.0 Short Blades
 + Level 2.0 Throwing
 + Level 1.1 Dodging
 + Level 5.3 Stealth


You couldn't memorise any spells.
You didn't know any spells.
Your spell library was empty.

Dungeon Overview and Level Annotations

Branches:
Dungeon (2/15)

Altars:


Innate Abilities, Weirdness & Mutations

You cannot wear most types of armour.
You are amphibious.
You can wear up to eight rings at the same time.
Your skin changes colour to match your surroundings (Stealth+).
Your rubbery body absorbs attacks. (AC +1, EV +1)
((You are camouflaged near water. (Stealth+)))
You have tentacles for arms and can constrict up to eight enemies at once.


Message History

You grab the bat. You constrict the bat. The bat barely misses you.
The bat struggles to escape constriction.
A jackal comes into view.
The jackal barks!
You hit the bat.
You kill the bat!
The jackal barely misses you. x2
There is a stone staircase leading down here.
The jackal bites you. The jackal closely misses you. The jackal misses you.
The jackal barely misses you.
You climb downwards.
A bat comes into view.
There is a stone staircase leading up here.
You hit the jackal. Your grab misses the jackal.
You squeeze the jackal, but do no damage.
The jackal is moderately wounded.
The jackal bites you. The jackal completely misses you.
The jackal barely misses you. The jackal misses you. The jackal bites you. x2
A goblin comes into view. It is wielding a +0 dagger.
The jackal barely misses you. The jackal bites you.
The helpless goblin fails to defend itself.
You impale the goblin!!
You kill the goblin!
The jackal bites you.
You hit the jackal. You grab the jackal.
The jackal is moderately wounded.
You constrict the jackal, but do no damage.
The jackal closely misses you. The jackal barely misses you.
You hit the jackal.
You kill the jackal!
You hit the jackal but do no damage. Your grab misses the jackal.
The jackal bites you.
* * * LOW HITPOINT WARNING * * *
You hit the jackal. You grab the jackal.
The jackal is lightly wounded.
You constrict the jackal, but do no damage.
The jackal bites you.
You die...

#.. #.# .....
..# ... ..##
.. ... ... #.
#.. ..# #. #.#
..# #
#.###.###)#
##.#.....hh@.#
.......#.#####
..#.#.....#
.......<.##
b#..#...## #
#...# ......
.##...# #
#....


You could see 2 jackals.

Vanquished Creatures
  A bat (D:1)
  A goblin (D:2)
  A jackal (D:2)
3 creatures vanquished.

Notes
Turn   | Place    | Note
-------+----------+-------------------------------------------
     0 | D:1      | spiderkeys the Octopode Brigand began the quest for the
                  | Orb.
     0 | D:1      | Reached XP level 1. HP: 14/14 MP: 1/1
    29 | D:2      | Slain by a jackal

Illustrated notes

Levels and vault maps discovered:
D:1:      lightli_arrival_boilingwater, layout_basic
D:2:      layout_basic, basic_ecumenical_altar

Action                   || total
-------------------------++-------
Melee: Dagger            ||     8
       Constrict         ||     3
       Tentacles         ||     1
 Stab: Sleeping          ||     1
Dodge: Dodged            ||    13

Table legend: (Time is in decaauts)
 A = Elapsed time spent in this place.
 B = Non-inter-level travel time spent in this place.
 C = Inter-level travel time spent in this place.
 D = Time resting spent in this place.
 E = Time spent auto-exploring this place.
 F = Levels seen in this place.
 G = Mean time per level.
                   A        B        C        D        E       F      G
               +--------+--------+--------+--------+--------+-----+--------+
         Total |     28 |     28 |      0 |      0 |      8 |   2 |   14.0 |
       Dungeon |     28 |     28 |      0 |      0 |      8 |   2 |   14.0 |
               +--------+--------+--------+--------+--------+-----+--------+

Top non-repeatable levels by time:
     D:1: 17 daAuts
     D:2: 10 daAuts
